 Dungeon Crawl Stone Soup version 0.30.1-11-g7821555f0a (webtiles) character file.

Game seed: 4622201396991683830

53 leafyfresh the Trooper (level 3, -23/31 HPs)
             Began as a Barachi Delver on Nov 16, 2023.
             Engulfed by a cloud of flame (26 damage)
             ... on level 4 of the Dungeon.
             The game lasted 00:01:53 (358 turns).

leafyfresh the Trooper (Barachi Delver)              Turns: 358, Time: 00:01:54

Health: -23/31     AC:  3    Str: 13    XL:     3   Next: 87%
Magic:  3/3        EV: 13    Int: 10    God:
Gold:   0          SH:  0    Dex: 15    Spells: 2/2 levels left

rFire   . . .        h - +0 long sword
rCold   . . .        (no shield)
rNeg    . . .        b - +0 leather armour
rPois   .            (no helmet)
rElec   .            (no cloak)
rCorr   +            (no gloves)
SInv    .            (no boots)
Will    .....        (no amulet)
Stlth   +            m - ring of resist corrosion
HPRegen 0.25/turn    (no ring)
MPRegen 0.08/turn

%: no passive effects
@: confused, slow
A: amphibious, slowness 1, strong legs 1, +LOS
a: Hop


You were on level 4 of the Dungeon.
You visited 1 branch of the dungeon, and saw 2 of its levels.

Inventory:

Hand Weapons
 a - a +0 falchion
 h - a +0 long sword (weapon)
 p - a +0 sling
Armour
 b - a +0 leather armour (worn)
Jewellery
 m - a ring of resist corrosion (left hand)
Wands
 g - a wand of digging (3)
Scrolls
 c - a scroll of fog
 d - a scroll of magic mapping
 e - a scroll of fear
 i - a scroll of silence {unknown}
 l - a scroll of blinking {unknown}
 n - a scroll of identify {unknown}
Potions
 f - a potion of haste
 j - a potion of brilliance {unknown}
 k - a potion of berserk rage {unknown}
 o - a potion of curing {unknown}


   Skills:
 + Level 4.7 Fighting
 - Level 2.4 Long Blades
 + Level 3.5 Dodging
 - Level 4.5 Stealth


You had 2 spell levels left.
You didn't know any spells.
Your spell library was empty.

Dungeon Overview and Level Annotations

Branches:
Dungeon (5/15)
 Temple: D:4-7

Altars:
Qazlal


Innate Abilities, Weirdness & Mutations

You are amphibious.
You cover ground slowly.
You can hop short distances.
You have an extended range of vision and can be seen from far away.


Message History

Unknown command.
The orc attacks as you move away! The orc hits you but does no damage. x2
The orc wizard hits you but does no damage.
You bump into the stone wall.
An orc priest comes into view. It is wielding a +0 mace.
The orc hits you but does no damage. The orc barely misses you.
The orc wizard casts a spell at you. The puff of flame hits you!
You bump into the stone wall.
The orc priest shouts!
You hear a shout!
The orc barely misses you. The orc completely misses you.
The orc wizard gestures at you while chanting.
You are more confused.
You bump into the stone wall.
The orc closely misses you. The orc hits you but does no damage.
An orc comes into view. It is wielding a +0 whip.
The orc wizard closely misses you.
Unknown command.
You miss the orc wizard.
The orc wizard is heavily wounded.
The orc shouts!
The orc hits you but does no damage. The orc hits you with a +0 club.
The orc wizard casts a spell at you. The puff of flame hits you!
* * * LOW HITPOINT WARNING * * *
The orc barely misses you.
The orc wizard hits you but does no damage.
The orc barely misses you. The orc attacks as you move away!
The orc hits you with a +0 club.
* * * LOW HITPOINT WARNING * * *
The orc priest begins to cast a cantrip, but forgets the words!
The orc wizard gestures at you while chanting.
The magic dart hits you.
* * * LOW HITPOINT WARNING * * *
The orc attacks as you move away! The orc closely misses you.
The orc wizard attacks as you move away!
The orc wizard closely misses you. The orc attacks as you move away!
The orc closely misses you.
You are engulfed in blazing flames.
Ouch! That really hurt!
You die...

##.## #)# ....
#.# .... #.# ...
#.# #.. #.# .[
#.# .# #.#
###.###
#.#####@...○# .
#.....#.....#...
#####..ooo.oo....
###.....##..#
#°...§# . ###.###
... ####


You could see an orc priest, an orc wizard and 3 orcs.

Vanquished Creatures
  An orc wizard (D:4)
  2 adders (D:4)
  3 orcs (D:4)
  A ball python (D:4)
  A goblin (D:4)
  A hobgoblin (D:4)
9 creatures vanquished.

Notes
Turn   | Place    | Note
-------+----------+-------------------------------------------
     0 | D:5      | leafyfresh the Barachi Delver began the quest for the Orb.
     0 | D:5      | Reached XP level 1. HP: 18/18 MP: 1/1
    12 | D:5      | Noticed an ogre
    13 | D:5      | Noticed a hound
    53 | D:4      | Reached XP level 2. HP: 17/25 MP: 2/2
   129 | D:4      | Reached XP level 3. HP: 25/31 MP: 3/3
   336 | D:4      | Found a stormy altar of Qazlal.
   358 | D:4      | Engulfed by a cloud of flame

Illustrated notes

Levels and vault maps discovered:
D:4:      layout_loops_ring, riverfiend_overflow_shadow_ancestor,
          grunt_qazlal_clouds
D:5:      layout_rooms, enter_ossuary_5

Skill      XL: |  1  2 |
---------------+-------+-----
Fighting       | 4 |  4.7
Dodging        | 3 |  3.5
Long Blades    | |  2.4
Stealth        | |  4.5

Action                     || total
---------------------------++-------
  Melee: Long sword        ||    35
         Punch             ||     1
   Fire: Sling             ||     5
 Armour: Leather armour    ||    22
  Dodge: Dodged            ||    44
